 Dungeon Crawl Stone Soup version 0.25-a0-589-g1e14c549ee (webtiles) character file.

Game seed: 16959435096227028643, levelgen mode: deterministic

828 HailSeitan the Blocker (level 7, -2/56 HPs)
             Began as a Barachi Fighter on Mar 9, 2020.
             Slain by an ogre
             ... wielding a +0 giant club
              (13 damage)
             ... on level 3 of the Dungeon.
             The game lasted 00:10:22 (4741 turns).

HailSeitan the Blocker (Barachi Fighter)            Turns: 4741, Time: 00:10:23

Health: -2/56      AC:  8    Str: 20    XL:     7   Next: 97%
Magic:  0/7        EV:  8    Int:  8    God:
Gold:   199        SH: 11    Dex: 11    Spells: 6/6 levels left

rFire    + . .     SeeInvis .   a - +0 long sword
rCold    . . .     Gourm    .   c - +0 kite shield
rNeg     . . .     Faith    .   b - +0 scale mail
rPois    .         Spirit   +   (no helmet)
rElec    .         Reflect  .   (no cloak)
rCorr    .         Harm     .   (no gloves)
MR       .....                  l - +0 pair of boots
Stlth    ..........             s - amulet of guardian spirit
HPRegen  0.18/turn              e - ring of protection from fire
MPRegen  0.10/turn              (no ring)

@: slow
A: +LOS, swims, slowness 1, strong legs 1
a: Hop


You were on level 3 of the Dungeon.
You were hungry.

You visited 1 branch of the dungeon, and saw 5 of its levels.
You also visited: Sewer.

You collected 199 gold pieces.

Inventory:

Hand Weapons
 a - a +0 long sword (weapon)
Missiles
 g - 7 silver javelins (quivered)
 n - 7 javelins
Armour
 b - a +0 scale mail (worn)
 c - a +0 kite shield (worn)
 l - a +0 pair of boots (worn)
Jewellery
 e - a ring of protection from fire (left hand)
 s - an amulet of guardian spirit (around neck)
Wands
 u - a wand of paralysis (6)
Scrolls
 i - 2 scrolls of amnesia
 j - 3 scrolls of identify
 k - a scroll of teleportation
 o - a scroll of blinking
 r - a scroll of fog
 v - a scroll of noise {unknown}
 y - a scroll of immolation
Potions
 d - 4 potions of might
 h - 4 potions of curing
 m - 2 potions of lignification {unknown}
 p - 3 potions of mutation {unknown}
 q - a potion of heal wounds {unknown}
 t - 3 potions of magic
 w - 2 potions of haste
 z - a potion of stabbing {unknown}
 A - a potion of degeneration {unknown}
 B - a potion of invisibility {unknown}
Comestibles
 f - 9 rations
 x - a chunk of flesh


   Skills:
 + Level 5.1 Fighting
 - Level 6.0 Long Blades
 - Level 3.6 Armour
 - Level 8.0 Shields


You had 6 spell levels left.
You didn't know any spells.
Your spell library contained the following spells:

 Spells                   Type           Power        Failure   Level  Hunger
 Confusing Touch          Hex            #.......     100%        3    ####...
 Gell's Gravitas          Tloc           #.........   100%        3    ####...
 Petrify                  Tmut/Erth      #.......     100%        4    #####..
 Metabolic Englaciation   Hex/Ice        #.........   100%        5    ######.
 Yara's Violent Unravell  Hex/Tmut       #.........   100%        5    ######.


Dungeon Overview and Level Annotations

Branches:
Dungeon (5/15)              Sewer (visited)
 Temple: D:4-7

Altars:

Annotations:
D:3 2 runed translucent doors, Gargoyl's ghost, amateur CeAK


Innate Abilities, Weirdness & Mutations

You can be seen from farther away. (+LOS)
You can swim through water.
You cover ground slowly.
You can hop short distances.


Message History

The orc priest is almost dead.
You block the orc priest's attack.
The orc wizard gestures wildly while chanting.
The orc wizard blinks!
You hit the orc priest.
You kill the orc priest!
Your Fighting skill increases to level 5!
You block the ogre's attack.
The orc wizard mumbles some strange words.
The orc wizard blinks!
The ogre hits you with a +0 giant club.
There is a stone staircase leading up here.
The ogre hits you with a +0 giant club!!
* * * LOW HITPOINT WARNING * * *
You climb upwards.
Level annotation: 2 runed translucent doors, Gargoyl's ghost, amateur CeAK
There is a stone staircase leading down here.
The ogre closely misses you. The ogre hits you with a +0 giant club!
You die...

### ##.####### ##'## # #
#........###...## # #
#...####.##.....## ## # #.#.##
#.#.......## ##.
##########....###..........####..
....<......................'.....
##########....###..........####..
# ##.#..###O#.......## ##. #
#.....>.@.##.....## ##. #
#.........###...## #.. #
#.###.###.# ##'## #.# # #.#
#.###.####.# #.. #.# #..........#
##. #.#######.###..###### ##
#.........#.........# #
###########..<...##.# #
#.#...###.#####


You could see an ogre.

Vanquished Creatures
  Grinder (D:3)
  2 ogres (D:4)
  A centaur (D:4)
  2 hounds (D:4)
  2 bullfrog skeletons (D:4)
  An orc priest (D:4)
  A worker ant (D:4)
  10 adders
  2 river rats (Sewer)
  5 worms
  4 dart slugs
  3 leopard geckos
  6 orcs
  7 ball pythons
  7 bats
  4 giant cockroaches
  7 goblins
  6 hobgoblins
  14 jackals
  8 kobolds
  7 frilled lizards
  13 rats
113 creatures vanquished.

Notes
Turn   | Place    | Note
-------+----------+-------------------------------------------
     0 | D:1      | HailSeitan the Barachi Fighter began the quest for the Orb.
     0 | D:1      | Reached XP level 1. HP: 18/18 MP: 1/1
     0 | D:1      | Noticed an electric eel
   138 | D:1      | Reached XP level 2. HP: 22/24 MP: 2/2
   817 | D:2      | Reached XP level 3. HP: 29/29 MP: 3/3
  1124 | D:2      | Reached skill level 5 in Long Blades
  1254 | D:2      | Reached XP level 4. HP: 17/36 MP: 4/4
  2178 | D:3      | Found a glowing drain.
  2233 | Sewer    | Entered a sewer
  2327 | Sewer    | Reached XP level 5. HP: 23/41 MP: 5/5
  2821 | D:3      | Reached skill level 4 in Shields
  2932 | D:3      | Noticed Grinder
  2943 | D:3      | Killed Grinder
  2943 | D:3      | Reached skill level 5 in Shields
  2943 | D:3      | Reached XP level 6. HP: 47/47 MP: 6/6
  2948 | D:3      | Reached skill level 6 in Shields
  3154 | D:3      | Found a large runed translucent door.
  3154 | D:3      | Found a large runed translucent door.
  3155 | D:3      | Noticed Gargoyl's ghost (amateur CeAK)
  3413 | D:5      | Entered Level 5 of the Dungeon
  3638 | D:4      | Reached skill level 7 in Shields
  3638 | D:4      | Reached XP level 7. HP: 46/52 MP: 5/7
  3755 | D:4      | Reached skill level 8 in Shields
  4719 | D:4      | Reached skill level 5 in Fighting
  4741 | D:3      | Slain by an ogre

Levels and vault maps discovered:
D:1:      arrival_aquarium_a, layout_loops_ring, minmay_misc_feat_ornament
D:2:      layout_loops_cross
D:3:      layout_loops_corners, cheibrodos_sewer_entry_bend,
          ebering_ghost_disaster_area, uniq_grinder
D:4:      layout_basic, first_ration
D:5:      layout_layer_cave

Skill      XL: |  1  2  3  4  5  6  7 |
---------------+----------------------+-----
Long Blades    | 3 4 5 6 |  6.0
Shields        | 5 7 8 |  8.0
Fighting       | 5 |  5.1
Armour         | |  3.6

Action                   |  1- 3 |  4- 6 |  7- 9 || total
-------------------------+-------+-------+-------++-------
Melee: Long sword        |   121 |   177 |   110 ||   408
Throw: Javelin           |     1 |     8 |       ||     9
 Abil: Hop               |     1 |       |       ||     1
Evoke: Wand              |       |     1 |       ||     1
  Use: Scroll            |       |     9 |       ||     9
 Stab: Paralysed         |       |     3 |       ||     3
  Eat: Chunk             |     2 |     7 |     5 ||    14
Armor: Scale mail        |    69 |    79 |    39 ||   187
Dodge: Dodged            |    49 |    47 |    24 ||   120
Block: Kite shield       |    92 |    94 |    63 ||   249
       Rpst.: Long sword |    16 |    14 |     8 ||    38

Table legend:
 A = Non-vault XP
 B = Vault XP
 C = Vault XP percentage of total XP
 D = Non-vault monster count
 E = Vault monster count
 F = Vault count percentage of total count
                 A         B        C        D         E       F
            +---------+---------+-------+---------+---------+-------
      Total |     858 |     325 |  27.5 |      88 |      25 |  22.1
            +---------+---------+-------+---------+---------+-------
        D:1 |      29 |       0 |   0.0 |      16 |       0 |   0.0
        D:2 |      73 |       0 |   0.0 |      24 |       0 |   0.0
        D:3 |      99 |     265 |  72.8 |      25 |       4 |  13.8
        D:4 |     654 |       0 |   0.0 |      22 |       0 |   0.0
        D:5 |       3 |       0 |   0.0 |       1 |       0 |   0.0
      Sewer |       0 |      60 | 100.0 |       0 |      21 | 100.0
            +---------+---------+-------+---------+---------+-------
